 Dungeon Crawl Stone Soup version 0.27.0-1-g7a089689b8 (webtiles) character file.

Game seed: 511953080930992275

70513 sanka the Spry (level 14, -6/73 HPs)
             Began as a Spriggan Transmuter on Aug 6, 2021.
             Was a High Priest of Okawaru.
             Mangled by Saint Roka (26 damage)
             ... on level 2 of the Orcish Mines.
             The game lasted 01:16:46 (38490 turns).

sanka the Spry (Spriggan Transmuter)               Turns: 38490, Time: 01:16:47

Health: -6/73      AC: 14    Str:  6    XL:     14   Next: 94%
Magic:  9/24       EV: 44    Int: 17    God:    Okawaru [*****.]
Gold:   1251       SH:  0    Dex: 18    Spells: 7/25 levels left

rFire    + . .     SeeInvis +     - Unarmed
rCold    . . .     Faith    .   (shield currently unavailable)
rNeg     . . .     Spirit   .   s - +2 robe {rF+}
rPois    .         Reflect  .   I - +2 hood of the Assassin {Detection Stab+ Stlth++}
rElec    .         Harm     .   a - +0 cloak
rCorr    .         Rampage  .   (gloves unavailable)
Will     ++...                  (boots unavailable)
Stlth    +++++.....             (no amulet)
HPRegen  0.22/turn              E - +4 ring of evasion
MPRegen  0.19/turn              j - +4 ring of evasion

@: ice-armoured, blade hands, heroic, finesse-ful, very quick
A: very small, no large weapons, unfitting armour, see invisible, speed 3
a: End Transformation, Renounce Religion, Heroism, Finesse


You were on level 2 of the Orcish Mines.
You worshipped Okawaru.
Okawaru was extremely pleased with you.
You had blades for hands.
You visited 4 branches of the dungeon, and saw 20 of its levels.

You collected 1819 gold pieces.
You spent 568 gold pieces at shops.


Innate Abilities, Weirdness & Mutations

You have blades for hands.
Your spellcasting is less reliable in this form.
You are incapable of wielding weapons or throwing items.
You are very small and have problems with some larger weapons.
You are too small for most types of armour.
You have supernaturally acute eyesight. (SInv)
You cover ground extremely quickly. (Speed+++)


   Skills:
 + Level 8.1(13.1) Fighting
 + Level 17.9(22.9) Dodging
 + Level 12.2(17.2) Unarmed Combat
 - Level 6.0 Spellcasting
 - Level 12.0 Transmutations
 - Level 6.0 Ice Magic
 - Level 2.0 Poison Magic
 + Level 7.9 Invocations


You had 7 spell levels left.
You knew the following spells:

 Your Spells              Type           Power      Damage    Failure   Level
a - Ozocubu's Armour      Ice            25%        N/A       26%         3
c - Blade Hands           Tmut           22%        N/A       24%         5
v - Ice Form              Ice/Tmut       35%        N/A       26%         4
x - Spider Form           Tmut/Pois      14%        N/A       22%         3
y - Wereblood             Tmut           45%        N/A       8%          2
z - Beastly Appendage     Tmut           90%        N/A       7%          1

Your spell library contained the following spells:

 Spells                   Type           Power      Damage    Failure   Level
 Ensorcelled Hibernation  Hex/Ice        30%        N/A       34%         2
 Animate Skeleton         Necr           10%        N/A       52%         1
 Foxfire                  Conj/Fire      20%        2x1d5     52%         1
 Pain                     Necr           20%        1d5       52%         1
 Yara's Violent Unravell  Hex/Tmut       12%        3d7       73%         5
 Conjure Flame            Conj/Fire      5%         6-21      78%         3
 Inner Flame              Hex/Fire       5%         N/A       78%         3
 Portal Projectile        Hex/Tloc       10%        N/A       78%         3
 Tukima's Dance           Hex            5%         N/A       78%         3
 Vampiric Draining        Necr           2%         2d6       78%         3
 Animate Armour           Summ/Erth      10%        N/A       97%         4
 Passage of Golubria      Tloc           N/A        N/A       97%         4
 Agony                    Necr           5%         N/A       100%        5
 Excruciating Wounds      Necr           2%         N/A       100%        5
 Dispersal                Tloc           2%         N/A       100%        6
 Iron Shot                Conj/Erth      2%         9d2       100%        6
 Shadow Creatures         Summ           N/A        N/A       100%        6
 Ozocubu's Refrigeration  Ice            12%        4d7       100%        7
 Disjunction              Tloc           2%         N/A       100%        8

Inventory:

Hand Weapons
 D - a +1 dagger of distortion
 H - the +7 spear "Vuseake" {vorpal, Fly rF+ rCorr}

   It inflicts extra damage upon your enemies.
   rF:        It protects you from fire.
   Fly:       It grants you flight.
   rCorr:     It protects you from acid and corrosion.
Missiles
 b - 43 boomerangs
 h - 58 poisoned darts
 P - a throwing net {=f}
Armour
 a - a +0 cloak (worn)
 s - a +2 robe of fire resistance (worn)
 I - the +2 hood of the Assassin (worn) {Detection Stab+ Stlth++}

   It allows the wearer to sense nearby creatures.
   It allows the wearer to make particularly effective stabbing attacks against
   helpless or unaware enemies with any weapon.
   Stlth:     It makes you much more stealthy.
 V - a scarf of invisibility
Magical Staves
 Q - a staff of cold
Jewellery
 j - a +4 ring of evasion (right blade hand)
 l - a ring of wizardry
 m - a ring of positive energy
 q - a ring of flight
 u - a ring of resist corrosion
 E - a +4 ring of evasion (left blade hand)
 L - a ring of magical power
 S - a ring of willpower
 U - a +6 ring of intelligence
Wands
 w - a wand of polymorph (36)
 y - a wand of iceblast (11)
 A - a wand of acid (2)
 B - a wand of flame (50)
 J - a wand of paralysis (15)
Scrolls
 f - 6 scrolls of enchant armour
 i - 2 scrolls of blinking
 k - 3 scrolls of magic mapping
 n - a scroll of torment {unknown}
 o - 5 scrolls of amnesia
 p - 14 scrolls of teleportation {@r4}
 x - 3 scrolls of fear
 z - 5 scrolls of summoning
 N - a scroll of vulnerability {!r}
Potions
 c - 8 potions of curing {unknown}
 d - 3 potions of might
 r - 3 potions of haste {@q3}
 t - 2 potions of brilliance {unknown}
 v - 3 potions of lignification {unknown}
 C - 3 potions of invisibility {unknown}
 F - 2 potions of degeneration {unknown}
 K - 2 potions of flight {unknown}
 M - a potion of berserk rage {unknown}
 R - 2 potions of magic {unknown}
 T - a potion of cancellation {unknown}
Miscellaneous
 g - a condenser vane

Dungeon Overview and Level Annotations

Branches:
Dungeon (11/15)            Temple (1/1) D:5            Lair (6/6) D:8
  Swamp (0/4) Lair:2        Snake (0/4) Lair:2        Slime (0/5) Lair:5
    Orc (2/2) D:11            Elf (0/3) Orc:2

Altars:
Ashenzari
Cheibriados
Dithmenos
Elyvilon
Fedhas
Gozag
Hepliaklqana
Kikubaaqudgha
Makhleb
Nemelex Xobeh
Okawaru
Qazlal
Ru
Sif Muna
Trog
Uskayaw
Vehumet
Wu Jian
Xom
Yredelemnul
Zin
The Shining One
Beogh

Shops:
D:2 *   D:7 [**   D:10 ***   Orc:1 *=*?

Annotations:
D:10 2 transporters
Lair:6 2 transporters, Wogokhlo's ghost, journeyman FeBe
Orc:2 Saint Roka

.... .......
.▒▒.............
.................
.....▒..........
..▒.▒..........▒
▒.........▒....
▒▒.▒▒.o...........
▒......i........▒▒
▒▒.............▒.▒▒
▒▒.▒.............▒
▒▒......£.......▒▒
▒▒............£..▒
▒......▒........▒
▒▒............▒.▒
▒▒..............▒
▒▒.......▒.▒.▒.▒▒


You could see Saint Roka (poisoned).


Message History

Here: Saint Roka, wielding a +1 dire flail and wearing a +1 chain mail of positive energy (lightly wounded, very poisoned, slow)
The floor.
Unknown command.
Your hands turn into razor-sharp scythe blades.
Saint Roka barely misses you. A film of ice covers your body!
You feel like a meek peon again.
You hit Saint Roka but do no damage.
Saint Roka is lightly wounded.
Saint Roka is no longer moving slowly.
Saint Roka hits you with a +1 dire flail!
You hit Saint Roka but do no damage.
Saint Roka is lightly wounded.
Saint Roka misses you.
You completely miss Saint Roka.
Saint Roka is lightly wounded.
Saint Roka calls down the wrath of Beogh upon you.
Beogh smites you!
* * * LOW HITPOINT WARNING * * *
You slice Saint Roka!!
Saint Roka is lightly wounded.
Use which ability? (? or * to list)
You gain the combat prowess of a mighty hero.
Saint Roka calls down the wrath of Beogh upon you.
Beogh smites you!
* * * LOW HITPOINT WARNING * * *
Use which ability? (? or * to list)
You can now deal lightning-fast blows.
Saint Roka hits you with a +1 dire flail!!
You die...

Action                   |  1- 3 |  4- 6 |  7- 9 | 10-12 | 13-15 || total
-------------------------+-------+-------+-------+-------+-------++-------
Melee: Unarmed           |   103 |   121 |   388 |   772 |   780 ||  2164
       Kick              |    17 |    16 |     3 |       |       ||    36
       Headbutt          |     8 |    10 |     3 |       |       ||    21
       Punch             |     1 |       |     3 |    17 |    52 ||    73
Throw: Boomerang         |    17 |       |       |       |       ||    17
       Dart              |     3 |     4 |     1 |     1 |    17 ||    26
 Cast: Beastly Appendage |    16 |    17 |     1 |       |       ||    34
       Spider Form       |       |     9 |    53 |    34 |       ||    96
       Blade Hands       |       |       |       |    49 |    55 ||   104
       Ozocubu's Armour  |       |       |       |       |    32 ||    32
       Ice Form          |       |       |       |       |     7 ||     7
Invok: Heroism           |       |       |     5 |    36 |    37 ||    78
       Finesse           |       |       |       |       |     2 ||     2
 Abil: End Transformatio |       |       |     1 |     1 |       ||     2
Evoke: Wand              |       |       |     2 |     6 |     6 ||    14
  Use: Scroll            |       |       |       |     7 |     4 ||    11
       Potion            |       |       |       |     2 |       ||     2
 Stab: Sleeping          |     2 |       |       |       |     7 ||     9
       Distracted        |       |       |     1 |       |     1 ||     2
Armor: Robe              |    22 |     3 |     2 |    10 |    45 ||    82
       Skin              |       |     2 |     7 |     2 |    17 ||    28
Dodge: Dodged            |    97 |   102 |   314 |   860 |   888 ||  2261

Levels and vault maps discovered:
D:1:      onia_arrival_pentagram, layout_loops_ring
D:2:      layout_loops_ring, serial_shops, nicolae_shop_trees,
          shapermc_ecumenical_altar_mp_ritualfount, uniq_terence, uniq_natasha,
          uniq_jessica
D:3:      layout_basic, mainiacjoe_overflow_alcove_2
D:4:      layout_layer_cave, bloody_trog, uniq_edmund, uniq_pikel, uniq_duvessa
D:5:      layout_gridville, kennysheep_ying_yang, minmay_temple_entry_waves,
          uniq_crazy_yiuf_cottage, uniq_blork_the_orc
D:6:      lemuel_slime, layout_rooms, general_overflow_altar, kennysheep_mini,
          wad_rectangle_vault
D:7:      layout_basic, mainiacjoe_overflow_concentric_impassable,
          nicolae_overflow_hidden_temple, serial_shops, nicolae_stop_n_shop_1,
          shop, nicolae_inconvenience_store
D:8:      layout_basic, kennysheep_little_box, nicolae_dithmenos_the_darkroom,
          dpeg_lair_monsters, nicolae_underground_beach, uniq_joseph,
          uniq_psyche
D:9:      layout_roguey
D:10:     gammafunk_wand_slinger, layout_basic, mainiacjoe_overflow_catwalk,
          nicolae_specific_store, nicolae_shop_clearance, uniq_maurice
D:11:     layout_small_grid, orc_0_dummy
Temple:   compressed_dpeg_triangle_lava_temple
Lair:1:   layout_gridlike, grunt_forest_large_clearings
Lair:2:   layout_layer_cave, minmay_swamp_entry_worms,
          minmay_snake_entry_guardpost_medium, wad_woods_river_04,
          grunt_megastairs_5, infiniplex_staircase_pool
Lair:3:   layout_long_grid, guppyfry_lair_drakes
Lair:4:   layout_roguey, serial_bayou_shore_a, grunt_megastairs_2
Lair:5:   layout_misc_corridors, nicolae_slime_entry_slimehenge,
          chequers_serial_rivers_micro_d
Lair:6:   due_jungle_book, layout_concentric_octagons,
          gammafunk_ghost_wrathful_warriors
Orc:1:    layout_caves, basic_altar, serial_shops, nicolae_lakefront_shop,
          nicolae_shop_statue_plus, nicolae_square_shop, shop, rock_pile,
          uniq_josephine
Orc:2:    kennysheep_orc_mage_school, layout_diamond_mine,
          hangedman_feature_mirror, uniq_saint_roka, uniq_erolcha, uniq_donald

Notes
Turn   | Place    | Note
-------+----------+-------------------------------------------
     0 | D:1      | sanka the Spriggan Transmuter began the quest for the Orb.
     0 | D:1      | Reached XP level 1. HP: 9/9 MP: 5/5
   246 | D:1      | Reached skill level 3 in Transmutations
   446 | D:1      | Reached skill level 3 in Spellcasting
   639 | D:1      | Reached XP level 2. HP: 11/14 MP: 7/7
   710 | D:1      | Learned a level 2 spell: Wereblood
  1423 | D:1      | Reached skill level 4 in Transmutations
  1811 | D:2      | Noticed Terence
  1865 | D:2      | Found Licrimn's Assorted Antiques.
  1894 | D:2      | Reached XP level 3. HP: 15/17 MP: 6/8
  1930 | D:2      | Learned a level 3 spell: Spider Form
  2195 | D:2      | Noticed Jessica
  2207 | D:2      | Killed Jessica
  2208 | D:2      | Reached skill level 1 in Poison Magic
  2256 | D:2      | Found a faded altar of an unknown god.
  2280 | D:2      | Reached skill level 5 in Transmutations
  2368 | D:2      | Reached XP level 4. HP: 17/21 MP: 9/9
  2672 | D:2      | Killed Terence
  2673 | D:2      | Reached skill level 2 in Poison Magic
  2865 | D:2      | Noticed Natasha
  3404 | D:3      | Noticed a centaur
  3416 | D:3      | Killed a centaur
  3417 | D:3      | Reached skill level 6 in Transmutations
  3417 | D:3      | Reached skill level 1 in Fighting
  3417 | D:3      | Reached skill level 3 in Dodging
  3417 | D:3      | Reached XP level 5. HP: 25/25 MP: 6/10
  3669 | D:3      | Found a radiant altar of Vehumet.
  4368 | D:4      | Noticed Edmund
  4570 | D:4      | Killed Edmund
  4571 | D:4      | Reached skill level 4 in Dodging
  4571 | D:4      | Reached skill level 3 in Unarmed Combat
  4571 | D:4      | Reached XP level 6. HP: 19/30 MP: 9/11
  4782 | D:4      | Reached skill level 2 in Fighting
  5024 | D:4      | Noticed Pikel
  5036 | D:4      | Noticed an orc warrior
  5425 | D:4      | Killed Pikel
  5426 | D:4      | Reached skill level 3 in Fighting
  5426 | D:4      | Reached skill level 5 in Dodging
  5426 | D:4      | Reached skill level 7 in Transmutations
  5426 | D:4      | Reached XP level 7. HP: 21/36 MP: 10/12
  5619 | D:4      | Reached skill level 4 in Unarmed Combat
  5856 | D:4      | Found a bloodstained altar of Trog.
  6062 | D:4      | Noticed Duvessa
  6062 | D:4      | Noticed Dowan
  6106 | D:4      | Killed Dowan
  6107 | D:4      | Reached skill level 6 in Dodging
  6107 | D:4      | Reached XP level 8. HP: 16/40 MP: 11/13
  6120 | D:4      | Killed Duvessa
  6121 | D:4      | Reached skill level 8 in Transmutations
  6740 | D:5      | Entered Level 5 of the Dungeon
  6749 | D:5      | Noticed Blork the orc
  6761 | D:5      | Killed Blork the orc
  6856 | D:5      | Found a runed translucent door.
  6857 | D:5      | Noticed Crazy Yiuf
  6869 | D:5      | Killed Crazy Yiuf
  7034 | D:5      | Reached skill level 7 in Dodging
  7034 | D:5      | Reached skill level 5 in Unarmed Combat
  7043 | D:5      | Learned a level 3 spell: Ozocubu's Armour
  7359 | D:5      | Found a basalt altar of Yredelemnul.
  7445 | D:5      | Found a white marble altar of Elyvilon.
  7587 | D:5      | Found a staircase to the Ecumenical Temple.
  7660 | Temple   | Entered the Ecumenical Temple
  7699 | Temple   | Became a worshipper of Warmaster Okawaru
  7906 | D:6      | Found a blossoming altar of Fedhas.
  7929 | D:6      | Noticed a slime creature
  8134 | D:5      | Killed a slime creature
  8135 | D:5      | Reached skill level 8 in Dodging
  8634 | D:5      | Found a staircase to the Ecumenical Temple.
  8846 | D:5      | Found a white marble altar of Elyvilon.
  8902 | D:5      | Found a basalt altar of Yredelemnul.
  9627 | D:5      | Found a white marble altar of Elyvilon.
  9683 | D:5      | Found a basalt altar of Yredelemnul.
  9797 | D:5      | Found a staircase to the Ecumenical Temple.
 10952 | D:6      | Reached skill level 6 in Unarmed Combat
 10952 | D:6      | Reached XP level 9. HP: 34/44 MP: 10/14
 11199 | D:6      | Reached skill level 9 in Dodging
 12421 | D:6      | Found a snail-covered altar of Cheibriados.
 12632 | D:7      | Found a hazy altar of Hepliaklqana.
 12790 | D:7      | Found Lerphodd's Armour Shop.
 12860 | D:7      | Reached skill level 10 in Dodging
 13143 | D:7      | Found Zeat's General Store.
 13381 | D:7      | Found a shimmering blue altar of Sif Muna.
 13432 | D:7      | Reached skill level 7 in Unarmed Combat
 13592 | D:7      | Found Xeop's Assorted Antiques.
 13665 | D:7      | Reached * piety under Okawaru
 14135 | D:7      | HP: 3/44 [electric eel/bolt of electricity (14)]
 14450 | D:7      | Found a sacrificial altar of Ru.
 14451 | D:7      | Found a glowing golden altar of the Shining One.
 14805 | D:7      | Reached skill level 11 in Dodging
 14997 | D:8      | Found an ancient bone altar of Kikubaaqudgha.
 15313 | D:8      | Reached skill level 1 in Invocations
 15329 | D:8      | HP: 4/44 [orc warrior/boomerang (10)]
 15816 | D:8      | HP: 3/44 [orc warrior (23)]
 16177 | D:8      | Noticed Joseph
 16215 | D:8      | Noticed Psyche
 16223 | D:8      | Killed Psyche
 16223 | D:8      | Reached ** piety under Okawaru
 16224 | D:8      | Reached XP level 10. HP: 26/49 MP: 10/15
 16751 | D:8      | Reached skill level 2 in Invocations
 16769 | D:8      | Reached skill level 8 in Unarmed Combat
 16833 | D:8      | Found a staircase to the Lair.
 16838 | D:8      | Noticed a death yak
 16844 | D:8      | Noticed a death yak
 16850 | D:8      | Noticed a death yak
 17283 | D:8      | Killed a death yak
 17284 | D:8      | Reached skill level 12 in Dodging
 17284 | D:8      | Reached skill level 3 in Invocations
 17301 | D:8      | Killed a death yak
 17302 | D:8      | Reached skill level 4 in Invocations
 17771 | D:8      | Killed a death yak
 17771 | D:8      | Reached *** piety under Okawaru
 17772 | D:8      | Reached skill level 13 in Dodging
 17772 | D:8      | Reached skill level 9 in Unarmed Combat
 18014 | D:8      | Found a shadowy altar of Dithmenos.
 18486 | D:9      | Received a gift from Okawaru
 18800 | D:9      | Reached XP level 11. HP: 28/52 MP: 10/16
 19164 | D:7      | Bought a +4 ring of evasion for 468 gold pieces
 19299 | D:2      | Killed Natasha
 19484 | D:2      | Noticed Natasha
 19489 | D:2      | Killed Natasha
 19680 | D:2      | Noticed Natasha
 19687 | D:2      | Killed Natasha
 19703 | D:2      | Found Licrimn's Assorted Antiques.
 19863 | D:2      | Found a faded altar of an unknown god.
 20188 | D:9      | Noticed a two-headed ogre
 20198 | D:9      | Killed a two-headed ogre
 20199 | D:9      | Reached skill level 9 in Transmutations
 20212 | D:9      | Learned a level 5 spell: Blade Hands
 20921 | D:9      | Identified the +7 spear "Vuseake" {vorpal, Fly rF+ rCorr}
 20951 | D:10     | Entered Level 10 of the Dungeon
 20954 | D:10     | Reached skill level 10 in Transmutations
 21021 | D:10     | Found a transporter.
 21032 | D:10     | Noticed an orc sorcerer
 21218 | D:10     | Found a transporter.
 21338 | D:10     | Found Vygge's Specific Store.
 21342 | D:10     | Found Tiostu's General Store.
 21347 | D:10     | Bought a potion of heal wounds for 60 gold pieces
 21355 | D:10     | Noticed Maurice
 21364 | D:10     | Killed Maurice
 21364 | D:10     | Reached **** piety under Okawaru
 21488 | D:10     | Identified +0 acid dragon scales
 21545 | D:10     | Found an opulent altar of Gozag.
 21580 | D:10     | Reached skill level 11 in Transmutations
 21705 | D:10     | Found Geuh's CLEARANCE SALE! EVERYTHING MUST GO!.
 21712 | D:10     | Bought a potion of haste for 40 gold pieces
 21756 | D:10     | Identified the +6 dagger "Weadayz" {vorpal, Will+}
 21778 | D:10     | Noticed a fire crab
 22423 | D:11     | Reached skill level 12 in Transmutations
 22661 | D:11     | Found a staircase to the Orcish Mines.
 22900 | D:11     | Reached skill level 14 in Dodging
 23615 | Lair:1   | Entered Level 1 of the Lair of Beasts
 23688 | Lair:1   | Reached skill level 10 in Unarmed Combat
 23756 | Lair:1   | Reached ***** piety under Okawaru
 23771 | Lair:1   | Reached XP level 12. HP: 20/56 MP: 13/17
 24189 | Lair:1   | Reached skill level 15 in Dodging
 24488 | Lair:1   | Received a gift from Okawaru
 25017 | Lair:1   | Reached skill level 4 in Fighting
 26114 | Lair:1   | Reached skill level 5 in Invocations
 26627 | Lair:2   | Found a staircase to the Snake Pit.
 26701 | Lair:2   | Noticed a six-headed hydra
 26916 | Lair:2   | Reached skill level 1 in Ice Magic
 26930 | Lair:2   | Reached skill level 4 in Spellcasting
 26935 | Lair:2   | Reached skill level 2 in Ice Magic
 27129 | Lair:2   | Noticed a boulder beetle
 27171 | Lair:2   | Killed a boulder beetle
 27248 | Lair:2   | Reached skill level 5 in Spellcasting
 27538 | Lair:2   | Found a staircase to the Swamp.
 27915 | Lair:2   | Reached XP level 13. HP: 57/63 MP: 14/22
 27924 | Lair:2   | Reached skill level 3 in Ice Magic
 28419 | Lair:3   | Reached skill level 6 in Spellcasting
 28662 | Lair:2   | Learned a level 4 spell: Ice Form
 28687 | Lair:3   | Received a gift from Okawaru
 28776 | Lair:3   | Reached skill level 4 in Ice Magic
 29244 | Lair:3   | Received a gift from Okawaru
 29245 | Lair:3   | Found the +2 hood of the Assassin {Detection Stab+ Stlth++}
 29513 | Lair:3   | Reached skill level 5 in Ice Magic
 30774 | Lair:4   | Reached skill level 6 in Ice Magic
 30785 | Lair:4   | Reached skill level 5 in Fighting
 31250 | Lair:5   | Reached skill level 16 in Dodging
 31901 | Lair:5   | Found a staircase to the Slime Pits.
 32446 | Lair:6   | Entered Level 6 of the Lair of Beasts
 32446 | Lair:6   | Found a transporter.
 32446 | Lair:6   | Found a transporter.
 32462 | Lair:6   | Reached skill level 11 in Unarmed Combat
 32487 | Lair:6   | Found a bloodstained altar of Trog.
 32491 | Lair:6   | Noticed Wogokhlo's ghost (journeyman FeBe)
 32597 | Lair:6   | Reached skill level 6 in Fighting
 32600 | Lair:6   | HP: 2/78 [death yak (18)]
 33023 | Lair:6   | Received a gift from Okawaru
 33540 | Lair:6   | Reached XP level 14. HP: 70/70 MP: 14/24
 33724 | Lair:6   | Reached skill level 17 in Dodging
 34073 | Lair:6   | Reached skill level 6 in Invocations
 34447 | Lair:6   | Reached skill level 7 in Fighting
 35253 | Lair:6   | Reached skill level 7 in Invocations
 35919 | Lair:6   | Reached skill level 12 in Unarmed Combat
 36188 | D:8      | Killed Joseph
 36324 | Orc:1    | Entered Level 1 of the Orcish Mines
 36327 | Orc:1    | Noticed Josephine
 36339 | Orc:1    | Killed Josephine
 36339 | Orc:1    | Received a gift from Okawaru
 36598 | Orc:1    | Found Rustoy's Magic Scroll Emporium.
 36645 | Orc:1    | Found Teiczod's General Store.
 36731 | Orc:1    | Found a burning altar of Makhleb.
 36845 | Orc:1    | Reached skill level 8 in Fighting
 37204 | Orc:2    | Entered Level 2 of the Orcish Mines
 37204 | Orc:2    | Noticed Donald
 37220 | Orc:2    | Killed Donald
 37368 | Orc:2    | Noticed an orc warlord
 37414 | Orc:1    | Killed an orc warlord
 37826 | Orc:1    | Found Jepeife's Jewellery Shoppe.
 37910 | Orc:1    | Found Ceohy's General Store.
 37977 | Orc:2    | Found a radiant altar of Vehumet.
 38060 | Orc:2    | Found a staircase to the Elven Halls.
 38074 | Orc:2    | Noticed Saint Roka
 38490 | Orc:2    | Mangled by Saint Roka

Vanquished Creatures
  Donald (Orc:2)
  An orc warlord (Orc:1)
  4 dire elephants (Lair:6)
  An ettin (Orc:1)
  Josephine (Orc:1)
  5 hydras
  2 boulder beetles
  A two-headed ogre (D:9)
  12 death yaks
  A spectral anaconda (Lair:6)
  An obsidian statue (Lair:6)
  Pikel (D:4)
  4 necromancers (Lair:6)
  16 elephants
  Maurice (D:10)
  6 black mambas
  A centaur zombie (D:10)
  Joseph (D:8)
  17 cane toads
  A dire elephant skeleton (Lair:6)
  A kobold demonologist (D:9)
  5 komodo dragons
  4 rime drakes
  Psyche (D:8)
  2 tengu conjurers (D:9)
  2 hornets
  A troll (D:8)
  A polar bear (Lair:6)
  29 blink frogs
  A slime creature (D:5)
  A spectral elephant (Lair:6)
  2 wyverns
  A spriggan (Lair:1)
  7 wraiths
  A dire elephant simulacrum (Lair:6)
  6 basilisks
  57 yaks
  2 vampire mosquitoes
  A death yak simulacrum (Lair:6)
  A spectral cane toad (Lair:6)
  Edmund (D:4)
  3 nagas (Lair:2)
  2 acid dragons
  3 wargs
  2 swamp worms (Lair:2)
  17 water moccasins
  Duvessa (D:4)
  2 sky beasts
  A black bear (Lair:1)
  15 orc warriors
  A necrophage (D:7)
  5 ogres
  38 wolves
  9 centaurs
  4 lemures
  A phantom (D:7)
  A kobold brigand (D:9)
  An elephant skeleton (Lair:6)
  13 bullfrogs
  Blork the orc (D:5)
  2 scorpions
  A cane toad simulacrum (Lair:6)
  A water moccasin skeleton (D:5)
  Dowan (D:4)
  2 elephant simulacra (Lair:6)
  6 killer bees
  8 electric eels
  8 howler monkeys
  11 jellies
  8 orc priests
  2 hounds
  Crazy Yiuf (D:5)
  2 bullfrog skeletons
  Jessica (D:2)
  A gnoll shaman (D:9)
  4 iguanas
  Terence (D:2)
  Natasha (thrice) (D:2)
  12 orc wizards
  A hound skeleton (D:5)
  A howler monkey zombie (D:11)
  7 adders
  6 gnolls
  A white imp (D:5)
  An ufetubus (D:5)
  A worm (D:4)
  3 dart slugs
  48 orcs
  5 ball pythons
  7 bats
  25 endoplasms
  2 giant cockroaches
  6 goblins
  6 hobgoblins
  9 kobolds
  3 quokkas
  A frilled lizard (D:3)
  3 rats
536 creatures vanquished.

Vanquished Creatures (others)
  24 fungi
  37 plants
  9 withered plants (Lair:6)
70 creatures vanquished.

Grand Total: 606 creatures vanquished
